cohdb
Replays
Latest Replays
All Replays
Popular Replays
Top Player Replays
Match Explorer
How It Works
Community
CoH3 Stats
Reddit
Sign in to upload your games and track your stats! →
Sign in with Steam
Match 42623781
Unlisted
Match 42623781
Overview
Messages
Build Orders
End
Construct Barracks
Riflemen Squad
Riflemen Squad
Riflemen Squad
Mechanized Support Center
Riflemen Squad
Construct Medical Station
Construct Motor Pool
M1 Anti-tank Gun Team
M1918 Browning Automatic Rifles
Snax254
やみ
Trion
Carlos
0
0
Comments
sign in to comment!
No comments posted yet!